 Dungeon Crawl Stone Soup version 0.27-a0-366-g8badd94918 (webtiles) character file.

Game seed: 8532742928602148088

3 SpaceMan the Chiller (level 1, -4/10 HPs)
             Began as a Deep Elf Ice Elementalist on Feb 16, 2021.
             Killed from afar by a dart slug (5 damage)
             ... with a slug dart
             ... on level 1 of the Dungeon.
             The game lasted 00:08:07 (94 turns).

SpaceMan the Chiller (Deep Elf Ice Elementalist)      Turns: 94, Time: 00:08:07

Health: -4/10      AC:  2    Str:  5    XL:     1   Next: 41%
Magic:  6/6        EV: 13    Int: 19    God:
Gold:   0          SH:  0    Dex: 15    Spells: 5/6 levels left

rFire    . . .     SeeInvis .   (no weapon)
rCold    . . .     Faith    .   (no shield)
rNeg     . . .     Spirit   .   a - +0 robe
rPois    .         Reflect  .   (no helmet)
rElec    .         Harm     .   (no cloak)
rCorr    .         Rampage  .   (no gloves)
Will     .....                  (no boots)
Stlth    ++........             (no amulet)
HPRegen  0.03/turn              (no ring)
MPRegen  0.10/turn              (no ring)

@: no status effects
A: no striking features
a: no special abilities


You were on level 1 of the Dungeon.
You visited 1 branch of the dungeon, and saw 1 of its levels.

Inventory:

Armour
 a - a +0 robe (worn)


   Skills:
 + Level 2.5 Dodging
 + Level 2.4 Stealth
 + Level 3.0 Spellcasting
 + Level 4.5 Ice Magic


You had 5 spell levels left.
You knew the following spells:

 Your Spells              Type           Power        Failure   Level
a - Freeze                Ice            80%          2%          1

Your spell library contained the following spells:

 Spells                   Type           Power        Failure   Level
 Frozen Ramparts          Ice            40%          7%          3
 Ozocubu's Armour         Ice            20%          7%          3
 Hailstorm                Conj/Ice       11%          52%         4
 Summon Ice Beast         Ice/Summ       11%          52%         4


Dungeon Overview and Level Annotations

Branches:
Dungeon (1/15)

Altars:


Message History

You see here a ring mail.
You see here a ring mail.
You see here a ring mail.
You see here a ring mail.
You see here a ring mail.
You see here a ring mail.
You see here a ring mail.
You see here a ring mail.
You see here a ring mail.
You see here a ring mail.
You see here a ring mail.
You see here a ring mail.
You see here a ring mail.
You see here a ring mail.
You see here a ring mail.
You see here a ring mail.
You see here a ring mail.
You see here a ring mail.
Unknown command.
Unknown command.
Unknown command.
Describe a (M)onster, (S)pell, s(K)ill, (A)bility, (C)ard, (I)tem, (F)eature, (G)od, (B)ranch, c(L)oud or s(T)atus?
Describe a item; partial names and regexps are fine.
Enter a single letter to list items displayed by that symbol.
Describe what? pick up No matching items.
Describe a (M)onster, (S)pell, s(K)ill, (A)bility, (C)ard, (I)tem, (F)eature, (G)od, (B)ranch, c(L)oud or s(T)atus?
Describe a ability; partial names and regexps are fine.
Describe what? pick up No matching abilities.
Describe a (M)onster, (S)pell, s(K)ill, (A)bility, (C)ard, (I)tem, (F)eature, (G)od, (B)ranch, c(L)oud or s(T)atus?
Describe a (M)onster, (S)pell, s(K)ill, (A)bility, (C)ard, (I)tem, (F)eature, (G)od, (B)ranch, c(L)oud or s(T)atus?
Okay, then.
A dart slug comes into view.
The dart slug launches a dart at you. The slug dart hits you.
* * * LOW HITPOINT WARNING * * *
Found a scroll labelled YFUROS WESIE.
A frilled lizard comes into view.
The dart slug launches a dart at you. The slug dart hits you.
Ouch! That really hurt!
You die...

#...........
#####.......#
#..........########
#.###.............#
+<'.†...).......#
#.###.....†.).....#
#.....#.....†....[#
....#####...........#
###.. ..
.......@......#.?.w..
.........##....w......
....).....##...........
..........##...........
...........+...........
.........#.l.........
...................##
.....................
..............


You could see a dart slug.

Vanquished Creatures
  2 kobolds (D:1)
  2 rats (D:1)
4 creatures vanquished.

Notes
Turn   | Place    | Note
-------+----------+-------------------------------------------
     0 | D:1      | SpaceMan the Deep Elf Ice Elementalist began the quest for
                  | the Orb.
     0 | D:1      | Reached XP level 1. HP: 10/10 MP: 6/6
    94 | D:1      | Killed from afar by a dart slug

Illustrated notes

Levels and vault maps discovered:
D:1:      dpeg_arrival_tiny_d, layout_basic

Action                   || total
-------------------------++-------
 Cast: Freeze            ||     5
  Use: Scroll            ||     1
Dodge: Dodged            ||     2

Table legend: (Time is in decaauts)
 A = Elapsed time spent in this place.
 B = Non-inter-level travel time spent in this place.
 C = Inter-level travel time spent in this place.
 D = Time resting spent in this place.
 E = Time spent auto-exploring this place.
 F = Levels seen in this place.
 G = Mean time per level.
                   A        B        C        D        E       F      G
               +--------+--------+--------+--------+--------+-----+--------+
         Total |     94 |     94 |      0 |     11 |      0 |   1 |   94.0 |
       Dungeon |     94 |     94 |      0 |     11 |      0 |   1 |   94.0 |
               +--------+--------+--------+--------+--------+-----+--------+

Top non-repeatable levels by time:
     D:1: 94 daAuts
